 Dungeon Crawl Stone Soup version 0.23-a0-625-g1d2cd9b (webtiles) character file.

1941 zishaf the Arsonist (level 8, -13/67 HPs)
             Began as a Red Draconian Fire Elementalist on Dec 24, 2018.
             Was an Initiate of Ashenzari.
             Mangled by Harold
             ... wielding a +1 short sword of draining
              (15 damage)
             ... on level 6 of the Dungeon.
             The game lasted 00:16:09 (7942 turns).

zishaf the Arsonist (DrFE)                          Turns: 7942, Time: 00:16:10

Health: -13/67     AC:  7    Str: 10    XL:     8   Next: 98%
Magic:  8/13       EV: 11    Int: 17    God:    Ashenzari [......]
Gold:   351        SH:  0    Dex: 13    Spells: 3/14 levels left

rFire    + . .     SeeInvis +   q - +4 whip
rCold    . . .     Gourm    .   (no shield)
rNeg     . . .     Faith    .   (armour unavailable)
rPois    .         Spirit   .   (helmet restricted)
rElec    .         Reflect  .   (no cloak)
rCorr    .         Harm     .   y - +0 pair of gloves (curse)
MR       .....                  (no boots)
Stlth    +.........             (no amulet)
HPRegen  0.21/turn              l - ring of see invisible
MPRegen  0.13/turn              m - ring of flight

@: short of breath, very heavily drained
A: breathe fire, unfitting armour, fire resistance 1, cold-blooded, AC +6
a: Breathe Fire, Curse Item, Renounce Religion, Evoke Flight


You were on level 6 of the Dungeon.
You worshipped Ashenzari.
Ashenzari was noncommittal.
You were not hungry.

You visited 2 branches of the dungeon, and saw 8 of its levels.

You collected 351 gold pieces.

Inventory:

Hand Weapons
 q - a +4 whip (weapon)
Armour
 y - a cursed +0 pair of gloves (worn)
Jewellery
 l - a ring of see invisible (left hand)
 m - a ring of flight (right hand)
Wands
 s - a wand of random effects (22)
Scrolls
 a - a scroll of immolation {unknown}
 c - 4 scrolls of remove curse
 d - 3 scrolls of teleportation
 j - a scroll of identify {unknown}
 k - 2 scrolls of enchant weapon
 o - 2 scrolls of blinking {unknown}
 p - a scroll of random uselessness {unknown}
 u - a scroll of amnesia {unknown}
 w - a scroll of fog {unknown}
Potions
 e - 2 potions of magic {unknown}
 f - 3 potions of flight {unknown}
 g - a potion of invisibility {unknown}
 h - 4 potions of curing {unknown}
 i - 3 potions of agility {unknown}
 n - 2 potions of heal wounds
 r - a potion of berserk rage {unknown}
 t - a potion of lignification {unknown}
 v - a potion of ambrosia {unknown}
Comestibles
 b - 11 rations


   Skills:
 + Level 4.5(0.0) Fighting
 + Level 4.5(0.0) Dodging
 - Level 2.0(0.0) Stealth
 + Level 3.5(0.0) Spellcasting
 * Level 6.4(1.0) Conjurations
 * Level 8.5(2.8) Fire Magic


You had 3 spell levels left.
You knew the following spells:

 Your Spells              Type           Power        Failure   Level  Hunger
a - Flame Tongue          Conj/Fire      #....        11%         1    ##.....
b - Throw Flame           Conj/Fire      #.....       16%         2    ###....
c - Fireball              Conj/Fire      #.........   96%         5    ######.
z - Conjure Flame         Conj/Fire      #.......     32%         3    ####...

Your spell library contained the following spells:

 Spells                   Type           Power        Failure   Level  Hunger
 Animate Skeleton         Necr           N/A          24%         1    ##.....
 Apportation              Tloc           #.....       24%         1    ##.....
 Confusing Touch          Hex            #.....       24%         1    ##.....
 Summon Small Mammal      Summ           #...         24%         1    ##.....
 Inner Flame              Hex/Fire       #.......     36%         3    ####...
 Sticky Flame             Conj/Fire      #.......     71%         4    #####..


Dungeon Overview and Level Annotations

Branches:
Dungeon (7/15)             Temple (1/1) D:6

Altars:
Ashenzari
Cheibriados
Dithmenos
Elyvilon
Fedhas
Gozag
Hepliaklqana
Kikubaaqudgha
Makhleb
Nemelex Xobeh
Okawaru
Qazlal
Ru
Sif Muna
Trog
Uskayaw
Vehumet
Wu Jian
Xom
Yredelemnul
Zin
The Shining One

Annotations:
D:6 Harold
D:7 Dowan


Innate Abilities, Weirdness & Mutations

You can breathe blasts of fire.
Your fiery red scales are hard. (AC +6)
You cannot fit into any form of body armour.
Your flesh is heat resistant. (rF+)
You are cold-blooded and may be slowed by cold attacks.


Message History

Casting: Flame Tongue (safe; 9% risk of failure)
Confirm with . or Enter, or press ? or * to list all spells.
Aiming: Flame Tongue (safe; 9% risk of failure)
Press: ? - help, Shift-Dir - straight line, f/p - Harold
Aim: Harold, wielding a +1 short sword of draining and wearing a +0 chain mail The flame tongue hits Harold.
Harold appears unharmed.
Harold is lightly wounded.
Harold hits you with a +1 short sword of draining!
* * * LOW HITPOINT WARNING * * *
You feel drained.
* * * LOW HITPOINT WARNING * * *
Casting: Flame Tongue (safe; 11% risk of failure)
Confirm with . or Enter, or press ? or * to list all spells.
Aiming: Flame Tongue (safe; 11% risk of failure)
Press: ? - help, Shift-Dir - straight line, f/p - Harold
Aim: Harold, wielding a +1 short sword of draining and wearing a +0 chain mail The flame tongue hits Harold.
Harold is lightly wounded.
Harold hits you with a +1 short sword of draining!
You die...

.....................####⌠.⌠####.
.....#..................'.>.'....
....##...............####⌠.⌠#####
....##.#......@###...# ####### #.
....##.##..>...###...# ###.### ##
....##......##..#....# #.# #
...####....##..#§....# #.# #
#.........###...@#...#####.######
#..#............@#..........##...
...#......##.....##....##...##...
..........##......#.........###..
.#........####.<.##.....##.(.#...
.#.##..........(.................
#####....###.....................
######...##.............###......
..#...........##........# ##...##
..#....##......##.......####...#


You could see Harold.

Vanquished Creatures
  Edmund (D:6)
  An ice beast (D:6)
  2 sky beasts
  4 ogres
  A centaur (D:5)
  Blork the orc (D:6)
  A water moccasin skeleton (D:5)
  3 scorpions
  A howler monkey (D:4)
  A crimson imp (D:5)
  A bullfrog zombie (D:5)
  3 hounds
  A centaur skeleton (D:5)
  A bullfrog skeleton (D:5)
  2 orc priests (D:4)
  4 orc wizards
  5 worker ants
  A killer bee zombie (D:4)
  A worker ant zombie (D:5)
  11 gnolls
  6 adders
  A howler monkey skeleton (D:5)
  An ooze (D:1)
  An adder skeleton (D:4)
  A worm (D:3)
  5 dart slugs
  4 leopard geckos
  15 orcs
  5 giant cockroaches
  5 goblins
  11 hobgoblins
  8 jackals
  A ball python (D:4)
  5 bats
  4 frilled lizards
  11 kobolds
  A leopard gecko zombie (D:6)
  6 rats
137 creatures vanquished.

Notes
Turn   | Place    | Note
-------+----------+-------------------------------------------
     0 | D:1      | zishaf the Draconian Fire Elementalist began the quest for
                  | the Orb.
     0 | D:1      | Reached XP level 1. HP: 14/14 MP: 3/3
   249 | D:1      | Reached XP level 2. HP: 22/22 MP: 3/5
   757 | D:1      | Reached XP level 3. HP: 27/27 MP: 2/6
   858 | D:2      | Found an iron altar of Okawaru.
   873 | D:2      | Reached skill level 1 in Fighting
   888 | D:2      | Learned a level 2 spell: Throw Flame
   892 | D:2      | Learned a level 3 spell: Conjure Flame
  1034 | D:2      | Found a faded altar of an unknown god.
  1102 | D:2      | Became a worshipper of Elyvilon the Healer
  1102 | D:2      | Reached * piety under Elyvilon
  1286 | D:2      | Noticed a scorpion
  1318 | D:2      | Killed a scorpion
  1318 | D:2      | Reached XP level 4. HP: 35/35 MP: 0/7
  1451 | D:2      | Reached ** piety under Elyvilon
  1816 | D:3      | Reached skill level 4 in Fire Magic
  2191 | D:4      | Reached XP level 5. HP: 41/41 MP: 0/8
  2912 | D:4      | Reached XP level 6. HP: 47/48 MP: 9/9
  3088 | D:4      | Reached skill level 5 in Fire Magic
  3174 | D:4      | Your scales start taking on a fiery red colour.
  3174 | D:4      | Reached skill level 6 in Fire Magic
  3174 | D:4      | Reached XP level 7. HP: 9/56 MP: 0/10
  3174 | D:4      | Gained mutation: Your flesh is heat resistant. (rF+) [Red
                  | Draconian growth]
  3502 | D:4      | Reached *** piety under Elyvilon
  3980 | D:5      | Entered Level 5 of the Dungeon
  4474 | D:5      | Reached skill level 7 in Fire Magic
  4526 | D:5      | Reached skill level 5 in Conjurations
  4602 | D:5      | Reached XP level 8. HP: 63/63 MP: 6/12
  5494 | D:5      | Reached **** piety under Elyvilon
  6204 | D:6      | Found a staircase to the Ecumenical Temple.
  6212 | D:6      | Reached skill level 8 in Fire Magic
  6241 | Temple   | Entered the Ecumenical Temple
  6363 | Temple   | Fell from the grace of Elyvilon
  6363 | Temple   | Became a worshipper of Ashenzari the Shackled
  6549 | D:6      | Noticed Blork the orc
  6565 | D:6      | Killed Blork the orc
  6943 | D:6      | Noticed Edmund
  7015 | D:6      | Killed Edmund
  7024 | D:6      | HP: 2/67 [ice beast (6)]
  7588 | D:7      | Noticed Harold
  7617 | D:7      | Learned a level 5 spell: Fireball
  7626 | D:7      | Noticed Dowan
  7941 | D:6      | HP: 3/67 [Harold/+1 short sword of draining (10)]
  7942 | D:6      | Mangled by Harold

Vault maps used:
D:1:      eino_arrival_cavern_a
D:2:      overflow_temple_1_default, chequers_ecumenical_altar_twisty
D:3:      first_ration
D:6:      lemuel_upstairs_altar, temple_doors_e, uniq_blork_the_orc, uniq_edmund
D:7:      serial_rivers, chequers_serial_rivers_large_a,
          chequers_serial_rivers_large_b, chequers_serial_rivers_marsh,
          chequers_serial_rivers_micro_b, uniq_duvessa, uniq_harold
Temple:   kilobyte_greek_temple

Skill      XL: |  1  2  3  4  5  6  7  8 |
---------------+-------------------------+-----
Dodging        | 2 3 4 |  4.5
Stealth        | 2 |  2.0
Fighting       | 1 2 3 4 |  4.5
Conjurations   | 2 3 4 5 6 |  6.4
Fire Magic     | 4 6 7 8 |  8.5
Spellcasting   | 3 |  3.5

Action                   |  1- 3 |  4- 6 |  7- 9 || total
-------------------------+-------+-------+-------++-------
Melee: Unarmed           |    38 |    22 |       ||    60
       Tailslap          |     5 |     6 |    14 ||    25
       Whip              |       |    37 |   134 ||   171
 Cast: Flame Tongue      |    66 |    66 |   207 ||   339
       Conjure Flame     |     1 |     3 |     2 ||     6
       Throw Flame       |     1 |     1 |     7 ||     9
 Abil: Breathe Fire      |       |       |     5 ||     5
Evoke: Wand              |       |       |     3 ||     3
  Use: Scroll            |       |       |     3 ||     3
       Potion            |       |       |     1 ||     1
 Stab: Sleeping          |       |     2 |       ||     2
  Eat: Chunk             |     2 |     8 |    14 ||    24
       Ration            |       |       |     1 ||     1
Armor: Skin              |    31 |    22 |    70 ||   123
Dodge: Dodged            |    46 |    38 |   183 ||   267

Table legend:
 A = Non-vault XP
 B = Vault XP
 C = Vault XP percentage of total XP
 D = Non-vault monster count
 E = Vault monster count
 F = Vault count percentage of total count
                 A         B        C        D         E       F
            +---------+---------+-------+---------+---------+-------
      Total |    2520 |     254 |   9.2 |     135 |       2 |   1.5
            +---------+---------+-------+---------+---------+-------
        D:1 |      50 |       0 |   0.0 |      25 |       0 |   0.0
        D:2 |     107 |       0 |   0.0 |      22 |       0 |   0.0
        D:3 |      12 |       0 |   0.0 |       6 |       0 |   0.0
        D:4 |     823 |       0 |   0.0 |      40 |       0 |   0.0
        D:5 |    1118 |       0 |   0.0 |      31 |       0 |   0.0
        D:6 |     410 |     254 |  38.3 |      11 |       2 |  15.4
            +---------+---------+-------+---------+---------+-------
